 Dungeon Crawl Stone Soup version 0.20-a0-876-g2c7b0bf (webtiles) character file.

14096 Foodle the Grappler (level 12, -4/91 HPs)
             Began as a Ghoul Monk on Mar 15, 2017.
             Was a High Priest of Okawaru.
             Slain by a sun demon (8 damage)
             ... led by a balrug
             ... on level 1 of the Abyss.
             The game lasted 01:13:12 (8628 turns).

Foodle the Grappler (Ghoul Monk)                    Turns: 8628, Time: 01:13:13

Health: -4/91      AC: 27    Str: 17    XL:     12   Next: 12%
Magic:  14/14      EV: 14    Int:  5    God:    Okawaru [*****.]
Gold:   476        SH:  4    Dex: 14    Spells: 11/11 levels left

rFire    + + .     SeeInvis .     - Unarmed
rCold    . . .     Gourm    .   t - +4 fire dragon scales
rNeg     + + +     Faith    .   (no shield)
rPois    ∞         Spirit   .   D - +1 helmet
rElec    .         Reflect  +   (no cloak)
rCorr    .         Harm     .   (no gloves)
MR       .....                  S - +2 pair of boots {run}
Stlth    ..........             P - +4 amulet of reflection
Regen    0.0/turn               q - +5 ring of protection
MPRegen  0.2/turn               U - ring of flight

@: about to teleport, rotting, quick
A: rotting body, claws 1, carnivore 3, cold resistance 1, negative energy
resistance 3, inhibited regeneration, torment resistance, unbreathing
a: Heroism, Finesse, Renounce Religion, Evoke Flight


You were on level 1 of the Abyss.
You worshipped Okawaru.
Okawaru was extremely pleased with you.
You were not hungry.

You visited 1 branch of the dungeon, and saw 11 of its levels.
You visited the Abyss 1 time.
You also visited: Bailey.

You collected 719 gold pieces.
You spent 243 gold pieces at shops.

Inventory:

Hand Weapons
 Y - the +1 scythe of Collusion {flame, rPois Int+4 Dex+4}
   (You found it on level 1 of the Abyss)

   It has been specially enchanted to burn those struck by it, causing extra
   injury to most foes and up to half again as much damage against particularly
   susceptible opponents.
   Big, fiery blades are also staple armaments of hydra-hunters.
   It affects your intelligence (+4).
   It affects your dexterity (+4).
   It protects you from poison.
Armour
 h - a +2 ring mail of cold resistance
 t - +4 fire dragon scales (worn)
 z - a +0 pair of boots
 D - a +1 helmet (worn)
 R - a +2 robe of positive energy
 S - a +2 pair of boots of running (worn)
Jewellery
 n - an uncursed ring of poison resistance
 p - an uncursed ring of see invisible
 q - a +5 ring of protection (right claw)
 I - a +2 amulet of reflection
 L - an uncursed ring of wizardry
 P - a +4 amulet of reflection (around neck)
 U - a ring of flight (left claw)
 X - the amulet "Vausyosefro" {Reflect +Inv rN+ SH+5, unknown}
   (You bought it in a shop on level 11 of the Dungeon)

   [amulet of reflection]

   It shields you and reflects attacks.
   It protects you from negative energy.
   It lets you turn invisible.
   It affects your SH (+5).
Wands
 r - a wand of iceblast (6/15)
 v - a wand of lightning (13/15)
 w - a wand of digging (0/24)
 E - a wand of flame (43/48)
 G - a wand of confusion (10/48)
 H - a wand of lightning (5/15)
 J - a wand of digging (13/24)
 N - a wand of polymorph (7/24)
 O - a wand of lightning (4/15)
 T - a wand of flame (19/48)
Scrolls
 c - 2 scrolls of enchant weapon
 g - 3 scrolls of remove curse
 k - 2 scrolls of recharging
 o - 5 scrolls of teleportation
 u - a scroll of blinking
 x - 2 scrolls of magic mapping
 y - 2 scrolls of fear
 B - a scroll of amnesia {unknown}
Potions
 a - a potion of mutation
 e - 2 potions of cancellation
 i - a potion of haste {unknown}
 j - a potion of magic {unknown}
 l - 5 potions of heal wounds
 m - 9 potions of curing
 s - 3 potions of flight
 A - a potion of lignification {unknown}
 F - a potion of agility {unknown}
 K - a potion of resistance {unknown}
 M - a potion of might {unknown}
 Q - a potion of invisibility {unknown}
Books
 d - a book of Geomancy

   Spells                             Type                      Level
   a - Sandblast                      Earth                        1
   b - Passwall                       Transmutation/Earth          2
   c - Stone Arrow                    Conjuration/Earth            3
   d - Petrify                        Transmutation/Earth          4
   e - Lee's Rapid Deconstruction     Earth                        5
 C - a book of Maledictions

   Spells                             Type                      Level
   a - Corona                         Hexes                        1
   b - Ensorcelled Hibernation        Hexes/Ice                    2
   c - Confuse                        Hexes                        3
   d - Tukima's Dance                 Hexes                        3
   e - Dazzling Spray                 Conjuration/Hexes            3
 W - a book of Conjurations

   Spells                             Type                      Level
   a - Magic Dart                     Conjuration                  1
   b - Searing Ray                    Conjuration                  2
   c - Dazzling Spray                 Conjuration/Hexes            3
   d - Fulminant Prism                Conjuration/Hexes            4
   e - Force Lance                    Conjuration/Translocation    4
   f - Iskenderun's Mystic Blast      Conjuration                  4
Comestibles
 b - 4 meat rations
 f - 7 royal jellies


   Skills:
 + Level 3.7 Fighting
 - Level 11.6 Armour
 - Level 8.0 Dodging
 - Level 2.1 Stealth
 - Level 12.0 Unarmed Combat
 - Level 5.0 Invocations


You had 11 spell levels left.
You didn't know any spells.

Dungeon Overview and Level Annotations

Branches:
Dungeon (11/15)            Temple (0/1) D:7            Lair (0/6) D:10
    Orc (0/2) D:11

Altars:
Fedhas
Okawaru
Ru
Xom

Shops:
D:4 [   D:6 :   D:11 *

Annotations:
D:11 Sonja


Innate Abilities, Weirdness & Mutations

Your body is rotting away.
You thrive on raw meat.
You are immune to poison.
You have sharp fingernails.
You are carnivorous and can eat meat at any time.
Your flesh is cold resistant. (rC+)
You are immune to negative energy. (rN+++)
You do not regenerate when monsters are visible.
You are immune to unholy pain and torment.
You can survive without breathing.


Message History

You feel the power of the Abyss delaying your translocation!
You block the raiju's attack. You block the red devil's attack.
The sun demon completely misses you. The vampire closely misses you.
The vampire misses you.
You closely miss the raiju.
The raiju is moderately wounded.
You block the raiju's attack.
The red devil hits you from afar with a trident.
* * * LOW HITPOINT WARNING * * *
The sun demon misses you.
The vampire hits you but does no damage.
The vampire bites you but does no damage.
You barely miss the raiju.
The raiju is moderately wounded.
The balrug shouts!
You block the raiju's attack.
The red devil hits you from afar with a trident.
* * * LOW HITPOINT WARNING * * *
The sun demon hits you!
You die...

# #. # ## # .
. # . #. . . #
. #.# ####..
.# ..# .. ## .
... .. ## # #
#. . #####
#.#.. # #
..##.h@##...
.# # .
#.##....##3V4#
.2.. ..
#...##.
#..#..#..#.#
#.#..##...2.#
. #
#.......#... #
# #...
..#..#.#.
.#..#...§....#
# ...
.#..##.## .#
##.#. . .##
..# .


You could see a balrug, a sun demon, a raiju, a vampire and a red devil.

Vanquished Creatures
  Josephine (D:10)
  A hydra (D:10)
  Harold (D:10)
  Erica (D:10)
  A two-headed ogre (D:10)
  Nergalle (D:11)
  4 skeletal warriors (D:10)
  2 large abominations (Abyss:1)
  Psyche (D:11)
  An apocalypse crab (Abyss:1)
  The ghost of Foodle the Spear-Bearer, a novice MiFi of the Shining One (D:5)
  A centaur skeleton (D:11)
  The ghost of myxocpahck the Ruffian, an amateur TrTm (D:4)
  An ancient zyme (Abyss:1)
  3 raiju (Abyss:1)
  2 hippogriffs
  A ynoxinul (Abyss:1)
  4 wraiths (D:10)
  3 yaks (D:10)
  A spriggan (D:8)
  2 hungry ghosts
  A water moccasin (shapeshifter) (D:10)
  3 orc warriors
  A porcupine (shapeshifter) (D:10)
  3 phantoms
  3 ice beasts
  2 ogres (D:4)
  6 centaurs
  A crocodile (D:11)
  A big kobold (D:8)
  5 bullfrogs
  A scorpion (D:8)
  7 crimson imps
  A centaur zombie (D:7)
  2 quasits
  2 jellies
  2 bullfrog skeletons (D:11)
  An orc priest (D:11)
  4 hounds
  2 orc wizards
  Terence (D:3)
  5 worker ants
  3 iguanas
  A hound skeleton (D:4)
  2 worker ant zombies (D:11)
  A howler monkey zombie (D:5)
  4 gnolls (D:5)
  11 adders
  2 shadow imps
  An ufetubus (Abyss:1)
  An ooze (D:2)
  2 adder skeletons (D:4)
  An adder zombie (D:8)
  2 worms
  2 dart slugs
  4 leopard geckos
  24 orcs
  5 bats
  5 giant cockroaches
  14 goblins
  8 hobgoblins
  6 jackals
  3 quokkas
  A ball python (D:1)
  3 frilled lizards
  A jackal skeleton (D:4)
  8 kobolds
  2 leopard gecko skeletons
  A quokka skeleton (D:4)
  5 rats
211 creatures vanquished.

Vanquished Creatures (others)
  14 starspawn tentacles (Abyss:1)
14 creatures vanquished.

Grand Total: 225 creatures vanquished

Notes
Turn   | Place    | Note
-------+----------+-------------------------------------------
     0 | D:1      | Foodle the Ghoul Monk began the quest for the Orb.
     0 | D:1      | Reached XP level 1. HP: 19/19 MP: 0/0
   145 | D:1      | Reached XP level 2. HP: 26/26 MP: 1/1
   224 | D:1      | Reached skill level 4 in Unarmed Combat
   797 | D:2      | Reached XP level 3. HP: 30/30 MP: 2/2
   798 | D:2      | Found a faded altar of an unknown god.
   814 | D:2      | Became a worshipper of Warmaster Okawaru
   814 | D:2      | Reached * piety under Okawaru
   814 | D:2      | Reached ** piety under Okawaru
   827 | D:2      | Noticed Terence
  1036 | D:2      | Reached skill level 5 in Unarmed Combat
  1435 | D:3      | Reached XP level 4. HP: 36/38 MP: 3/3
  1547 | D:3      | Reached *** piety under Okawaru
  1556 | D:3      | Reached skill level 6 in Unarmed Combat
  1697 | D:3      | Killed Terence
  1697 | D:3      | Reached XP level 5. HP: 26/45 MP: 2/4
  1946 | D:4      | Noticed an ogre
  1966 | D:4      | Killed an ogre
  1966 | D:4      | Reached skill level 7 in Unarmed Combat
  1966 | D:4      | Reached XP level 6. HP: 43/51 MP: 2/5
  2065 | D:4      | Noticed a hungry ghost
  2074 | D:4      | Killed a hungry ghost
  2074 | D:4      | Reached skill level 8 in Unarmed Combat
  2074 | D:4      | Reached XP level 7. HP: 56/56 MP: 3/6
  2151 | D:4      | Got a scorched hand axe
  2152 | D:4      | Identified the cursed +3 hand axe of Desperation {chop, *Drain +Fly rF+++ Str+4 Dex-5} (You found it on level 4 of the Dungeon)
  2161 | D:4      | Found Bimenuann's Antique Armour Shoppe.
  2167 | D:4      | Bought a helmet for 108 gold pieces
  2175 | D:4      | Noticed myxocpahck's ghost (amateur TrTm)
  2191 | D:4      | Killed myxocpahck's ghost
  2191 | D:4      | Reached skill level 9 in Unarmed Combat
  2790 | D:5      | Entered Level 5 of the Dungeon
  2875 | D:5      | Reached **** piety under Okawaru
  2914 | D:5      | Reached skill level 10 in Unarmed Combat
  3162 | D:5      | Noticed Foodle's ghost (novice MiFi)
  3179 | D:5      | Killed Foodle's ghost
  3179 | D:5      | Reached XP level 8. HP: 33/63 MP: 4/7
  3519 | D:5      | Reached skill level 11 in Unarmed Combat
  3925 | D:6      | Found Kuankaum's Book Shop.
  4306 | D:7      | Found a flagged portal.
  4325 | Bailey   | Entered a bailey
  4335 | Bailey   | Noticed an orc knight
  4528 | D:7      | Reached ***** piety under Okawaru
  4555 | D:7      | Reached skill level 12 in Unarmed Combat
  4712 | D:7      | Found a staircase to the Ecumenical Temple.
  4775 | D:7      | Reached skill level 1 in Armour
  4775 | D:7      | Reached XP level 9. HP: 59/70 MP: 8/8
  5182 | D:8      | Received a gift from Okawaru
  5790 | D:9      | Found a blossoming altar of Fedhas.
  6027 | D:9      | Found a sacrificial altar of Ru.
  6188 | D:9      | Reached skill level 5 in Dodging
  6358 | D:10     | Entered Level 10 of the Dungeon
  6358 | D:10     | Found a shimmering altar of Xom.
  6358 | D:10     | Found a shimmering altar of Xom.
  6358 | D:10     | Found a shimmering altar of Xom.
  6358 | D:10     | Found a shimmering altar of Xom.
  6368 | D:10     | Found a shimmering altar of Xom.
  6415 | D:10     | Noticed Harold
  6435 | D:10     | Killed Harold
  6435 | D:10     | Reached skill level 5 in Armour
  6435 | D:10     | Reached XP level 10. HP: 56/76 MP: 6/9
  6524 | D:10     | Found a sacrificial altar of Ru.
  6537 | D:10     | Noticed Erica
  6565 | D:10     | Killed Erica
  6727 | D:10     | Found a staircase to the Lair.
  6802 | D:10     | Noticed a four-headed hydra
  6823 | D:10     | Killed a four-headed hydra
  6866 | D:10     | Noticed a skeletal warrior
  6893 | D:10     | Killed a skeletal warrior
  6900 | D:10     | Noticed a skeletal warrior
  6925 | D:10     | Killed a skeletal warrior
  6925 | D:10     | Reached XP level 11. HP: 48/82 MP: 8/10
  6929 | D:10     | Noticed a skeletal warrior
  6944 | D:10     | Noticed a skeletal warrior
  7070 | D:11     | Noticed Psyche
  7086 | D:11     | Killed Psyche
  7166 | D:10     | Killed a skeletal warrior
  7168 | D:10     | Noticed Josephine
  7201 | D:10     | Killed Josephine
  7201 | D:10     | Received a gift from Okawaru
  7207 | D:10     | Reached skill level 10 in Armour
  7246 | D:10     | Identified a +2 pair of boots of running (Okawaru gifted it to you on level 10 of the Dungeon)
  7290 | D:10     | Killed a skeletal warrior
  7298 | D:10     | Noticed a two-headed ogre
  7334 | D:10     | Killed a two-headed ogre
  7696 | D:11     | Noticed Sonja
  7811 | D:11     | Noticed Nergalle
  7843 | D:11     | Killed Nergalle
  8010 | D:11     | Found a staircase to the Orcish Mines.
  8228 | D:11     | Found Byru's Assorted Antiques.
  8238 | D:11     | Bought a heavily runed ruby amulet for 135 gold pieces
  8309 | D:11     | Cast into level 1 of the Abyss (Sonja)
  8309 | Abyss:1  | Found a corrupted altar of Lugonu.
  8315 | Abyss:1  | Got a shimmering scythe
  8316 | Abyss:1  | Identified the +1 scythe of Collusion {flame, rPois Int+4 Dex+4} (You found it on level 1 of the Abyss)
  8375 | Abyss:1  | Noticed a tentacled starspawn
  8384 | Abyss:1  | Noticed a tentacled starspawn
  8389 | Abyss:1  | Found a corrupted altar of Lugonu.
  8407 | Abyss:1  | Noticed a large abomination
  8407 | Abyss:1  | Reached skill level 1 in Invocations
  8415 | Abyss:1  | Killed a large abomination
  8415 | Abyss:1  | Reached XP level 12. HP: 55/89 MP: 9/13
  8593 | Abyss:1  | Reached skill level 5 in Invocations
  8609 | Abyss:1  | Noticed a sun demon
  8610 | Abyss:1  | Noticed a sun demon
  8613 | Abyss:1  | Noticed a balrug
  8628 | Abyss:1  | HP: 4/91 [red devil/trident[a balrug] (1)]
  8628 | Abyss:1  | Slain by a sun demon

Vault maps used:
D:1:      lightli_iron_boxes, serial_forest, infiniplex_forest_straight_3,
          infiniplex_forest_lined_room_2, infiniplex_forest_clump_small,
          infiniplex_forest_lined_2, infiniplex_forest_clump_curved,
          infiniplex_forest_end_1, infiniplex_forest_lined_corner,
          minmay_misc_feat_pillars
D:2:      first_bread, chequers_ecumenical_altar_simple_redux,
          kennysheep_potato, uniq_terence
D:4:      serial_shops, shop, kennysheep_decorative_pillar, st_stairs_11,
          minmay_goblin_kobold_house
D:6:      serial_shops, nicolae_shop_stone, grunt_ministairs_3
D:7:      minmay_temple_entry_statues_pillars, enter_bailey_3
D:8:      the_bakery, hangedman_abyss_or_decor_jellyfish_corner
D:9:      fedhas_altar_1, nicolae_ru_awakened_eye
D:10:     lair_entry_dummy, basic_altar, hex_tiny, xom_shifter_show,
          uniq_josephine, uniq_harold, uniq_erica
D:11:     orc_david_3, serial_shops, shop, uniq_nergalle, uniq_psyche,
          uniq_sonja
Bailey:   bailey_polearm_4, bailey

Skill      XL: |  1  2  3  4  5  6  7  8  9 10 11 12 |
---------------+-------------------------------------+-----
Unarmed Combat | 4 5 6 7 8 10 12 | 12.0
Armour         | 1 5 8 11 | 11.6
Dodging        | 3 6 8 |  8.0
Invocations    | 3 5 |  5.0
Fighting       | |  3.7
Stealth        | |  2.1

Action                   |  1- 3 |  4- 6 |  7- 9 | 10-12 || total
-------------------------+-------+-------+-------+-------++-------
Melee: Unarmed           |   157 |   102 |   283 |   472 ||  1014
       Punch             |     1 |     1 |    17 |    28 ||    47
Invok: Heroism           |       |     3 |     3 |    10 ||    16
Evoke: Wand              |       |       |       |     5 ||     5
  Use: Scroll            |     2 |     8 |    16 |     6 ||    32
 Stab: Held in net/web   |       |       |     2 |       ||     2
  Eat: Chunk             |    18 |     7 |    36 |    48 ||   109
       Meat ration       |       |       |     3 |     1 ||     4
       Royal jelly       |       |       |     2 |       ||     2
Armor: Chain mail        |    19 |       |       |       ||    19
       Robe              |     1 |       |       |       ||     1
       Plate armour      |   100 |       |       |       ||   100
       Fire dragon scale |     7 |    37 |    87 |   221 ||   352
Dodge: Dodged            |    46 |    38 |    96 |   236 ||   416
Block: Other             |       |       |     3 |    33 ||    36
       Reflection        |       |       |     2 |     2 ||     4
